 Dungeon Crawl Stone Soup version 0.23.1 (webtiles) character file.

Game seed: 17431251305523630466

122 Marnok the Slasher (level 5, -1/41 HPs)
             Began as a Human Gladiator on Mar 12, 2019.
             Was an Initiate of Qazlal.
             Slain by a mummy (5 damage)
             ... on level 5 of the Dungeon.
             The game lasted 00:10:19 (1660 turns).

Marnok the Slasher (Human Gladiator)                Turns: 1660, Time: 00:10:19

Health: -1/41      AC:  5    Str: 15    XL:     5   Next: 27%
Magic:  5/5        EV: 13    Int:  8    God:    Qazlal [......]
Gold:   73         SH:  0    Dex: 15    Spells: 4/4 levels left

rFire    . . .     SeeInvis .   a - +0 long sword
rCold    . . .     Gourm    .   (no shield)
rNeg     . . .     Faith    +   b - +0 leather armour
rPois    .         Spirit   .   h - +0 helmet
rElec    .         Reflect  .   (no cloak)
rCorr    .         Harm     .   i - +0 pair of gloves
MR       .....                  (no boots)
Stlth    +.........             m - amulet of faith
HPRegen  0.13/turn              (no ring)
MPRegen  0.09/turn              (no ring)

@: no status effects
A: no striking features
a: Renounce Religion


You were on level 5 of the Dungeon.
You worshipped Qazlal.
Qazlal was noncommittal.
You were not hungry.

You visited 1 branch of the dungeon, and saw 5 of its levels.

You collected 203 gold pieces.
You spent 130 gold pieces at shops.

Inventory:

Hand Weapons
 a - a +0 long sword (weapon)
Missiles
 d - 3 throwing nets (quivered)
Armour
 b - a +0 leather armour (worn)
 c - a +0 helmet
 h - a +0 helmet (worn)
 i - a +0 pair of gloves (worn)
Jewellery
 m - an amulet of faith (around neck)
Wands
 s - a wand of enslavement (11)
Scrolls
 e - 2 scrolls of teleportation
 g - 2 scrolls of remove curse
 k - a scroll of amnesia
 l - 7 scrolls of identify
 o - 2 scrolls of blinking
 q - a scroll of noise {unknown}
Potions
 j - a potion of might
 n - a potion of flight {unknown}
Comestibles
 f - 5 rations


   Skills:
 + Level 3.0 Fighting
 + Level 4.3 Long Blades
 + Level 2.2 Throwing
 + Level 1.4 Armour
 + Level 3.2 Dodging
 + Level 0.2 Stealth


You had 4 spell levels left.
You didn't know any spells.
Your spell library was empty.

Dungeon Overview and Level Annotations

Branches:
Dungeon (5/15)             Temple (0/1) D:4

Altars:
Elyvilon
Gozag
Nemelex Xobeh
Qazlal
Vehumet
Wu Jian
Yredelemnul
Zin
The Shining One

Shops:
D:4 }

Portals:
Ossuary: D:5


Message History

Found a scroll of teleportation, a whip and a scale mail.
Found a grey potion.
f - 5 rations (gained 1)
You hear the slow hiss of an avalanche of sand nearby.
n - a grey potion An iguana comes into view.
The iguana hisses angrily.
You open the door.
A mummy comes into view.
The iguana bites you!
The mummy moves out of view.
Found a sand-covered staircase.
Found a potion of curing and 28 stones.
There is an open door here.
The mummy hits you!!
* * * LOW HITPOINT WARNING * * *
The mummy hits you!
* * * LOW HITPOINT WARNING * * *
There is a sand-covered staircase here.
The mummy hits you.
You die...

................####.##....,*
*,*
####...#.......##....#*,,,.,*
*,* #>..##......##....#*******
*,* #)..###...#.....#.#
**,***,* #...#*#######..##.#
**,*,**,* #.[..,*****#..###.#
**,***,*,,
###...,,,*#..##.#.###.## **,,,
#.#.#*,*..##M.#......#**,***
*,*,**,*.##@l.'.####..#,**
******,*,,,,,,,##..#...#*,*,**
*,,,,,,,,**,**,,##.#.#..(..,*
,,***,,,,**,**,,,###..###.#**
,>* *,,,,,,,*,,,,,*#...,,,#
*,* *,*******,,,*,,#.###***
*,* *,* *,,,,,,..# *,* *,*
*,,,,*,,## *,***,*** *,**,**,*


You could see a mummy and an iguana.

Vanquished Creatures
  A centaur skeleton (D:4)
  An iguana (D:4)
  An adder (D:4)
  A gnoll (D:4)
  An ooze (D:4)
  An adder skeleton (D:4)
  A worm (D:3)
  A dart slug (D:1)
  A leopard gecko (D:4)
  An orc (D:3)
  A giant cockroach (D:4)
  3 goblins
  6 hobgoblins
  4 jackals
  A quokka (D:3)
  2 bats
  3 frilled lizards
  2 kobolds (D:3)
  2 rats
34 creatures vanquished.

Notes
Turn   | Place    | Note
-------+----------+-------------------------------------------
     0 | D:1      | Marnok the Human Gladiator began the quest for the Orb.
     0 | D:1      | Reached XP level 1. HP: 16/16 MP: 1/1
   145 | D:1      | Reached XP level 2. HP: 22/22 MP: 2/2
   297 | D:2      | Found a radiant altar of Vehumet.
   297 | D:2      | Found an opulent altar of Gozag.
   544 | D:3      | Reached XP level 3. HP: 26/27 MP: 3/3
   928 | D:4      | Found Tonn's Gadget Shop.
   957 | D:4      | Bought a wand of enslavement (11) for 130 gold pieces
  1040 | D:3      | Found a stormy altar of Qazlal.
  1045 | D:3      | Became a worshipper of Qazlal Stormbringer
  1049 | D:3      | Found a basalt altar of Yredelemnul.
  1052 | D:3      | Found a sparkling altar of Nemelex Xobeh.
  1133 | D:4      | Reached XP level 4. HP: 33/33 MP: 4/4
  1157 | D:4      | Reached skill level 1 in Armour
  1232 | D:4      | Found a staircase to the Ecumenical Temple.
  1245 | D:4      | Reached skill level 4 in Long Blades
  1320 | D:4      | Found a glowing golden altar of the Shining One.
  1323 | D:4      | Found a white marble altar of Elyvilon.
  1324 | D:4      | Found a glowing silver altar of Zin.
  1378 | D:4      | Reached XP level 5. HP: 23/41 MP: 5/5
  1430 | D:5      | Entered Level 5 of the Dungeon
  1602 | D:5      | Found an ornate altar of the Wu Jian Council.
  1655 | D:5      | Found a sand-covered staircase.
  1660 | D:5      | Slain by a mummy

Skill      XL: |  1  2  3  4 |
---------------+-------------+-----
Armour         | 1 |  1.4
Long Blades    | 4 |  4.3
Fighting       | 3 |  3.0
Throwing       | |  2.2
Dodging        | |  3.2
Stealth        | |  0.2

Action                   |  1- 3 |  4- 6 || total
-------------------------+-------+-------++-------
Melee: Long sword        |    65 |    16 ||    81
  Use: Scroll            |       |     5 ||     5
       Potion            |       |     3 ||     3
 Stab: Sleeping          |     1 |       ||     1
  Eat: Chunk             |     1 |     1 ||     2
Armor: Leather armour    |    25 |     6 ||    31
Dodge: Dodged            |    53 |    12 ||    65
       Rpst.: Long sword |    18 |     5 ||    23
